AoeStats
← MZTK | GaboxNet .i.

MegaRandom

506570278Analyzed
1v1 RM · 18d ago on Sep 14, 2026· 61m 52s· 2 players
Game mode
Random Map
Map size
Tiny (2 player)
Population
200
Speed
Normal
Resources
Standard
Victory
Conquest
Starting age
Dark Age
Ending age
Imperial Age
RankedLock teamsTeams togetherTeam positionsShared explorationLock speedFull tech treeHidden civsTurbo modeCheats
Victory
Defeat
🇨🇦 Byzantines · Canada
1219
+15
🇲🇽 Khitans · Mexico
1189
-15
MZTK | GaboxNet .i.
10:25 Feudal Age
10:58 Loom
11:15 Double-Bit Axe
22:56 Fletching
25:57 Castle Age
26:30 Padded Archer Armor
26:08 Heavy Cavalry Archer
26:44 Bodkin Arrow
27:44 Gold Mining
29:31 Wheelbarrow
32:41 Leather Archer Armor
35:12 Light Cavalry
39:07 Forging
39:39 Bow Saw
44:12 Imperial Age
42:19 Hand Cart
42:52 Fortified Wall
43:02 Ballistics
43:55 Iron Casting
44:30 Man-at-Arms
44:55 Gambesons
45:11 Squires
44:57 Arson
46:12 Long Swordsman
47:25 Two-Handed Swordsman
48:10 Scale Mail Armor
48:18 Champion
50:04 Chain Mail Armor
51:52 Plate Mail Armor
52:38 Hussar
55:27 Coinage
55:45 Capped Ram
58:06 Husbandry
58:15 Scale Barding Armor
59:46 Chain Barding Armor
summon_king
0:26 Loom
6:58 Loom
9:32 Feudal Age
10:17 Man-at-Arms
14:30 Forging
15:13 Wheelbarrow
15:21 Scale Mail Armor
15:37 Arson
22:40 Castle Age
20:47 Horse Collar
21:40 Gold Mining
24:00 Iron Casting
23:12 Gambesons
23:29 Squires
24:14 Long Swordsman
25:17 Chain Mail Armor
26:21 Double-Bit Axe
28:23 Heavy Plow
28:34 Bow Saw
29:05 Fletching
29:16 Padded Archer Armor
30:49 Bodkin Arrow
30:57 Elite Skirmisher
31:53 Leather Archer Armor
32:03 Ballistics
32:12 Stone Mining
41:01 Imperial Age
41:44 Bracer
41:07 Two-Handed Swordsman
42:16 Champion
43:28 Ring Archer Armor
45:58 Chemistry
45:16 Thumb Ring
47:51 Plate Mail Armor
47:30 Scale Barding Armor
47:37 Capped Ram
49:33 Conscription
49:43 Siege Ram
51:24 Chain Barding Armor
52:22 Elite Cataphract
53:20 Logistica
54:05 Murder Holes
61:44 Plate Barding Armor
Connection lost

Rejoining the realm…

Still unreachable

The connection could not be restored.

Session expired

The server has moved on; the page needs a fresh start.